 Dungeon Crawl Stone Soup version 0.17.1-2-g5865329 (webtiles) character file.

4331 inmateoo the Slasher (level 10, -8/51 HPs)
             Began as a Vine Stalker Skald on Feb 4, 2016.
             Was an Elder of Okawaru.
             Mangled by a shadow (15 damage)
             ... on level 11 of the Dungeon.
             The game lasted 00:13:27 (8737 turns).

inmateoo the Slasher (Vine Stalker Skald)           Turns: 8737, Time: 00:13:27

Health: -8/51      AC:  9    Str: 17    XL:     10   Next: 33%
Magic:  0/17       EV: 13    Int: 12    God:    Okawaru [****..]
Gold:   547        SH:  0    Dex: 15    Spells: 5 memorised, 6 levels left

rFire  . . .     SeeInvis .     I - +0 scimitar (holy)
rCold  . . .     Clarity  .     f - +0 ring mail
rNeg   . . .     SustAt   .     (no shield)
rPois  .         Gourm    +     r - +1 helmet
rElec  .         Spirit   +     A - +0 cloak
rCorr  .         Warding  .     (no gloves)
rMut   .         Stasis   .     (no boots)
MR     +....                    G - amulet of the gourmand
Stlth  ++........               (no ring)
                                (no ring)

@: somewhat resistant to hostile enchantments, unstealthy
A: fangs 3, regeneration 2, magic shield, antimagic bite, no device heal 3, rot
immunity
a: Heroism, Renounce Religion


You were on level 11 of the Dungeon.
You worshipped Okawaru.
Okawaru was greatly pleased with you.
You were not hungry.

You visited 2 branches of the dungeon, and saw 12 of its levels.

You collected 547 gold pieces.

Inventory:

Hand Weapons
 I - a +0 scimitar of holy wrath (weapon)
Armour
 f - a +0 ring mail (worn)
 r - a +1 helmet (worn)
 u - a +0 buckler
 A - a +0 cloak (worn)
Jewellery
 a - a +6 ring of strength {unknown}
 G - an amulet of the gourmand (around neck)
Wands
 b - a wand of polymorph (11)
 o - a wand of flame (4)
 p - a wand of digging (12)
 q - a wand of frost (29)
 v - a wand of draining (1)
 w - a wand of teleportation (3)
 B - a wand of draining (6)
 F - a wand of flame (37)
Scrolls
 i - 4 scrolls of magic mapping
 k - 6 scrolls of teleportation
 s - 2 scrolls of fog
 y - a scroll of enchant weapon
 C - 5 scrolls of remove curse
 H - a scroll of torment
Potions
 e - a potion of berserk rage
 g - 2 potions of brilliance
 h - 4 potions of mutation {unknown}
 j - 4 potions of flight {unknown}
 l - a potion of heal wounds {unknown}
 m - a potion of cancellation {unknown}
 n - 3 potions of invisibility {unknown}
 t - a potion of might {unknown}
 z - a potion of agility
 E - a potion of curing
 J - a potion of magic
Books
 c - a book of Battle

   Spells                             Type                      Level
   a - Infusion                       Charms                       1
   b - Shroud of Golubria             Charms/Translocation         2
   c - Song of Slaying                Charms                       2
   d - Spectral Weapon                Hexes/Charms                 3
   e - Regeneration                   Charms/Necromancy            3
Comestibles
 d - 11 bread rations
 x - 3 beef jerkies
 D - a fruit


   Skills:
 + Level 5.5 Fighting
 * Level 7.8 Long Blades
 + Level 4.6 Armour
 + Level 4.8 Dodging
 + Level 2.5 Stealth
 - Level 4.3 Spellcasting
 + Level 6.2 Charms


You had 6 spell levels left.
You knew the following spells:

 Your Spells              Type           Power        Failure   Level  Hunger
a - Infusion              Chrm           ###...       3%          1    None
b - Song of Slaying       Chrm           ###.....     6%          2    ##.....
c - Shroud of Golubria    Chrm/Tloc      ##........   17%         2    ##.....
d - Regeneration          Chrm/Necr      ##........   34%         3    ###....
e - Spectral Weapon       Hex/Chrm       ##......     34%         3    ###....


Dungeon Overview and Level Annotations

Branches:
Dungeon (11/15)            Temple (1/1) D:4            Lair (0/8) D:10
    Orc: D:9-12

Altars:
Ashenzari
Cheibriados
Dithmenos
Elyvilon
Fedhas
Gozag
Kikubaaqudgha
Makhleb
Nemelex Xobeh
Okawaru
Qazlal
Ru
Sif Muna
Trog
Vehumet
Xom
Yredelemnul
Zin
The Shining One

Shops:
D:5 [

Annotations:
D:3 seren's ghost, amateur DrCj
D:11 Shakirun's ghost, journeyman MiBe


Innate Abilities, Weirdness & Mutations

You have razor-sharp teeth.
You heal very quickly.
When hurt, damage is shared between your health and your magic reserves.
Your bite disrupts and absorbs the magic of your enemies.
Potions and wands cannot restore your health.
You are immune to rotting.


Message History

Shakirun's ghost turns its malevolent gaze towards you.
The shadow slips into darkness.
The shadow flickers and vanishes!
Deactivating autopickup; reactivate with Ctrl-A.
Read which item? (? for menu, Esc to quit)
Okay, then.
Read which item? (? for menu, Esc to quit)
Okay, then.
A manticore comes into view.
The raiju bursts into living lightning!
The living lightning hits you!
* * * LOW HITPOINT WARNING * * *
The raiju blinks!
The jackal bites you but does no damage.
Found 12 gold pieces.
You slash the raiju! You bite the raiju, but do no damage.
The raiju is moderately wounded.
The jackal closely misses you.
The shadow strikes at you from the darkness!
You die...

.. .#........... . ..
.#...........
.#....#...........
....(.#...........
#.#.........<..... ###
#......# .........
#.###.###..###.h.....$
#.##...##.W...@..#
#.......##....h.##
#.........#...#..#
#............###.#
###.....##..O# ...
##....#..†..# #...
##.#....#.O# #...
#<#.##...... ...
#.#.#........#


You could see a raiju, an ogre, Shakirun's ghost and a jackal.

Vanquished Creatures
  A troll (D:9)
  A deep elf mage (D:10)
  A wraith (D:10)
  A spriggan (D:7)
  A two-headed ogre (D:9)
  A wyvern (D:9)
  A hungry ghost (D:8)
  A water moccasin (D:8)
  A sky beast (D:9)
  2 ice beasts
  An eye of draining (D:8)
  A phantom (D:9)
  3 black bears
  3 ogres
  An orc warrior (D:10)
  2 centaurs
  5 giant frogs
  3 scorpions (D:8)
  5 killer bees (D:9)
  4 wights (D:10)
  3 crimson imps
  A giant frog zombie (D:5)
  2 centaur zombies
  2 hounds (D:5)
  2 centaur skeletons
  2 giant frog skeletons
  3 jellies
  2 orc wizards (D:10)
  6 worker ants
  Terence (D:3)
  Natasha (thrice) (D:4)
  An iguana (D:8)
  2 orc priests
  A hound zombie (D:5)
  11 adders
  2 shadow imps
  An adder zombie (D:9)
  2 worms
  An adder skeleton (D:8)
  2 giant geckos (D:6)
  12 orcs
  2 bats
  3 giant cockroaches (D:4)
  6 goblins
  9 hobgoblins
  5 jackals
  6 quokkas
  A ball python (D:3)
  2 giant newts
  3 jackal skeletons
  8 kobolds
  A quokka skeleton (D:5)
  A quokka zombie (D:9)
  6 rats
154 creatures vanquished.

Notes
Turn   | Place    | Note
--------------------------------------------------------------
     0 | D:1      | inmateoo the Vine Stalker Skald began the quest for the Orb.
     0 | D:1      | Reached XP level 1. HP: 11/11 MP: 4/4
   123 | D:1      | Reached skill level 1 in Dodging
   255 | D:1      | Found a shattered altar of Ashenzari.
   347 | D:1      | Reached XP level 2. HP: 15/15 MP: 6/6
   664 | D:2      | Reached skill level 1 in Armour
   701 | D:2      | Reached XP level 3. HP: 10/18 MP: 4/7
   808 | D:2      | Reached XP level 4. HP: 20/23 MP: 5/8
  1521 | D:3      | Learned a level 2 spell: Song of Slaying
  1524 | D:3      | Learned a level 2 spell: Shroud of Golubria
  1529 | D:3      | Learned a level 3 spell: Regeneration
  1687 | D:3      | Reached XP level 5. HP: 24/26 MP: 7/10
  1707 | D:3      | Noticed seren's ghost (amateur DrCj)
  1796 | D:3      | Noticed Terence
  1816 | D:3      | Killed Terence
  2462 | D:4      | Noticed Natasha
  2474 | D:4      | Killed Natasha
  2508 | D:4      | Found a bloodstained altar of Trog.
  2509 | D:4      | Found a shattered altar of Ashenzari.
  2593 | D:4      | Noticed Natasha
  2604 | D:4      | Killed Natasha
  2770 | D:4      | Noticed Natasha
  2776 | D:4      | Killed Natasha
  2897 | D:4      | Gained mutation: You heal very quickly. [Vine Stalker growth]
  2897 | D:4      | Reached XP level 6. HP: 24/30 MP: 11/11
  2910 | D:4      | Found a staircase to the Ecumenical Temple.
  2915 | Temple   | Entered the Ecumenical Temple
  3137 | Temple   | Became a worshipper of Warmaster Okawaru
  3242 | D:5      | Entered Level 5 of the Dungeon
  3395 | D:5      | Reached skill level 4 in Charms
  3404 | D:5      | Learned a level 3 spell: Spectral Weapon
  3449 | D:5      | Reached * piety under Okawaru
  3449 | D:5      | Reached XP level 7. HP: 35/35 MP: 13/13
  3495 | D:5      | Found Fowkun's Antique Armour Shoppe.
  4081 | D:6      | Found a deep blue altar of Sif Muna.
  4765 | D:7      | Gained mutation: You have razor-sharp teeth. [Vine Stalker growth]
  4765 | D:7      | Reached XP level 8. HP: 37/40 MP: 15/15
  4941 | D:7      | Reached ** piety under Okawaru
  5575 | D:7      | Noticed a spriggan baker
  5583 | D:7      | Killed a spriggan baker
  5583 | D:7      | Reached skill level 5 in Long Blades
  5713 | D:8      | Reached XP level 9. HP: 45/45 MP: 16/16
  5764 | D:8      | Reached skill level 5 in Charms
  5844 | D:8      | Reached skill level 6 in Long Blades
  6034 | D:8      | Reached *** piety under Okawaru
  6052 | D:8      | HP: 2/46 [poisoned by a water moccasin]
  6058 | D:8      | HP: 1/46 [poisoned by a water moccasin]
  6476 | D:8      | Found a glowing golden altar of the Shining One.
  6477 | D:8      | Found a white marble altar of Elyvilon.
  6518 | D:9      | Found a sacrificial altar of Ru.
  6641 | D:9      | Gained mutation: You tend to lose your temper in combat. [mutagenic meat]
  6642 | D:9      | Gained mutation: You are partially covered in thin metallic scales (AC +2). [mutagenic meat]
  6644 | D:9      | Gained mutation: Scrolls take you a little longer to read. [mutagenic meat]
  6925 | D:9      | Reached **** piety under Okawaru
  6964 | D:9      | Found an opulent altar of Gozag.
  7146 | D:9      | Found a basalt altar of Yredelemnul.
  7157 | D:9      | Reached skill level 5 in Fighting
  7157 | D:9      | Reached skill level 7 in Long Blades
  7395 | D:9      | Reached skill level 1 in Stealth
  7546 | D:9      | Reached XP level 10. HP: 46/51 MP: 17/17
  7555 | D:9      | Lost mutation: You tend to lose your temper in combat. [potion of cure mutation]
  7555 | D:9      | Lost mutation: Scrolls take you a little longer to read. [potion of cure mutation]
  7555 | D:9      | Lost mutation: You are partially covered in thin metallic scales (AC +2). [potion of cure mutation]
  8070 | D:10     | Entered Level 10 of the Dungeon
  8365 | D:10     | Found a staircase to the Lair.
  8733 | D:11     | Noticed Shakirun's ghost (journeyman MiBe)
  8735 | D:11     | Noticed a manticore
  8737 | D:11     | Mangled by a shadow

Action                   |  1- 3 |  4- 6 |  7- 9 | 10-12 || total
-------------------------+-------+-------+-------+-------++-------
Melee: Falchion          |    80 |   243 |   398 |   106 ||   827
       Unarmed           |       |     7 |       |       ||     7
       Scimitar          |       |       |       |    17 ||    17
 Cast: Infusion          |       |       |     2 |       ||     2
       Shroud of Golubri |       |       |     3 |       ||     3
       Song of Slaying   |       |       |     1 |       ||     1
       Spectral Weapon   |       |       |     1 |       ||     1
Invok: Heroism           |       |       |     1 |     1 ||     2
Evoke: Wand              |       |     9 |     2 |       ||    11
  Use: Scroll            |       |     9 |     5 |     5 ||    19
       Potion            |       |       |     2 |     1 ||     3
 Stab: Sleeping          |       |       |       |     1 ||     1
  Eat: Chunk             |       |     9 |    18 |     1 ||    28
       Pizza             |       |       |     2 |       ||     2
       Meat ration       |       |       |       |     1 ||     1
